 Dungeon Crawl Stone Soup version 0.29-a0-847-g24c0ca63c9 (webtiles) character file.

Game seed: 5399754245785530442

11 Malachi the Shooter (level 2, 23/23 HPs)
             Began as a Palentonga Hunter on July 16, 2022.
             Got out of the dungeon alive.
             The game lasted 00:00:23 (218 turns).

Malachi the Shooter (Palentonga Hunter)              Turns: 218, Time: 00:00:24

Health: 23/23      AC:  4    Str: 14    XL:     2   Next: 13%
Magic:  2/2        EV:  9    Int:  9    God:
Gold:   32         SH:  0    Dex: 13    Spells: 1/1 levels left

rFire   . . .      SeeInvis +   a - +0 shortbow
rCold   . . .      Faith    .   (shield currently unavailable)
rNeg    . . .      Spirit   .   c - +0 leather armour
rPois   .          Reflect  .   (no helmet)
rElec   .          Harm     .   (no cloak)
rCorr   .          Rampage  .   (no gloves)
Will    .....                   (no barding)
Stlth   +.........              (no amulet)
HPRegen 0.07/turn               (no ring)
MPRegen 0.08/turn               (no ring)

@: no status effects
A: large, rugged brown scales 3, see invisible, deformed body, roll 1, armoured
tail
a: Rolling Charge


You escaped.
You visited 1 branch of the dungeon, and saw 1 of its levels.

You collected 32 gold pieces.

Inventory:

Hand Weapons
 a - a +0 shortbow (weapon)
 e - a +1 dagger of freezing
Armour
 c - a +0 leather armour (worn)
Scrolls
 b - a scroll of immolation
Potions
 d - a potion of magic {unknown}


   Skills:
 + Level 2.2 Fighting
 + Level 3.6 Ranged Weapons
 + Level 1.5 Dodging
 + Level 0.5 Stealth


You had one spell level left.
You didn't know any spells.
Your spell library was empty.

Dungeon Overview and Level Annotations

Branches:
Dungeon (1/15)

Altars:


Innate Abilities, Weirdness & Mutations

You are completely covered in rugged brown scales. (AC +3, +7% HP)
You have supernaturally acute eyesight. (SInv)
Armour fits poorly on your strangely shaped body.
You can roll at nearby foes to attack.
You have a long armoured tail.


Message History

The arrow hits the endoplasm.
You kill the endoplasm!
A nearby plant withers and dies.
You have reached level 2!
Found a mace.
Found a stone staircase leading down.
An endoplasm comes into view.
An endoplasm is nearby!
An endoplasm is nearby!
An endoplasm is nearby!
You shoot an arrow. The arrow hits the endoplasm.
The endoplasm quivers.
The endoplasm is severely wounded.
You shoot an arrow. The arrow hits the endoplasm.
You kill the endoplasm!
No target in view!
No target in view!
No target in view!
A kobold comes into view. It is wielding a +1 dagger of freezing.
A kobold is nearby!
A kobold is nearby!
A kobold is nearby!
You shoot an arrow. The arrow hits the kobold.
You kill the kobold!
No target in view!
No target in view!
No target in view!
No target in view!
You see here a +0 mace.
There is a stone staircase leading down here.
Found a dagger.
d - a dark potion
Found 5 gold pieces.
You see here a +1 dagger of freezing.
e - a +1 dagger of freezing
Things that are here:
a +0 dagger; a kobold corpse You see here a hobgoblin corpse.
There is a staircase leading out of the dungeon here.
Are you sure you want to leave the Dungeon?
This will make you lose the game!
You have escaped!

#...##...####
#.>.##...#
#...#.....
#.#.# #...#
######.#.######
#.............#
#.............#
#......@......#
#.............#
#.............#
###############


There were no monsters in sight!

Vanquished Creatures
  A dart slug (D:1)
  2 endoplasms (D:1)
  A hobgoblin (D:1)
  2 kobolds (D:1)
  A ball python (D:1)
  A bat (D:1)
  A rat (D:1)
9 creatures vanquished.

Vanquished Creatures (others)
  2 plants (D:1)
2 creatures vanquished.

Grand Total: 11 creatures vanquished

Notes
Turn   | Place    | Note
-------+----------+-------------------------------------------
     0 | D:1      | Malachi the Palentonga Hunter began the quest for the Orb.
     0 | D:1      | Reached XP level 1. HP: 17/17 MP: 1/1
   112 | D:1      | Reached XP level 2. HP: 23/23 MP: 2/2
   218 | D:$      | Got out of the dungeon alive.

Illustrated notes

Levels and vault maps discovered:
D:1:      lemuel_arrival_hallway, layout_loops_ring,
          dreamdust_ecumenical_altar_statues, serial_bayou_lake_a

Action                   || total
-------------------------++-------
 Fire: Shortbow          ||    18
Armor: Leather armour    ||     1
Dodge: Dodged            ||     2

Table legend: (Time is in decaauts)
 A = Elapsed time spent in this place.
 B = Non-inter-level travel time spent in this place.
 C = Inter-level travel time spent in this place.
 D = Time resting spent in this place.
 E = Time spent auto-exploring this place.
 F = Levels seen in this place.
 G = Mean time per level.
                   A        B        C        D        E       F      G
               +--------+--------+--------+--------+--------+-----+--------+
         Total |    226 |    143 |     83 |      0 |     96 |   1 |  226.0 |
       Dungeon |    226 |    143 |     83 |      0 |     96 |   1 |  226.0 |
               +--------+--------+--------+--------+--------+-----+--------+

Top non-repeatable levels by time:
     D:1: 226 daAuts
